 Dungeon Crawl Stone Soup version 0.17-a0-1311-gbcbd859 (webtiles) character file.

67 bal the Skirmisher (level 4, -2/52 HPs)
             Began as a Demonspawn Berserker on June 8, 2015.
             Was a Believer of Trog.
             Slain by Terence
             ... wielding a cursed -1 short sword
              (3 damage)
             ... on level 2 of the Dungeon.
             The game lasted 00:05:45 (781 turns).

bal the Skirmisher (Demonspawn Berserker)            Turns: 781, Time: 00:05:46

Health: -2/52      AC:  3    Str: 23    XL:     4   Next: 0%
Magic:  4/4        EV: 12    Int:  8    God:    Trog [**....]
Gold:   83         SH:  0    Dex: 13    Spells: 0 memorised, 3 levels left

rFire  . . .     SeeInvis .     a - +1 hand axe
rCold  . . .     Clarity  .     b - +0 animal skin
rNeg   . . .     SustAt   .     (no shield)
rPois  .         Gourm    .     (no helmet)
rElec  .         Spirit   .     (no cloak)
rCorr  .         Warding  .     (no gloves)
rMut   .         Stasis   .     (no boots)
MR     .....                    (no amulet)
Stlth  ..........               (no ring)
                                (no ring)

@: berserking, drained, very quick, not resistant to hostile enchantments,
extremely unstealthy
A: icy blue scales 1, rot immunity
a: Burn Spellbooks, Berserk, Trog's Hand, Renounce Religion


You were on level 2 of the Dungeon.
You worshipped Trog.
Trog was pleased with you.
You were not hungry.

You visited 1 branch of the dungeon, and saw 2 of its levels.

You collected 83 gold pieces.

Inventory:

Hand weapons
 a - a +1 hand axe (weapon)
 d - a +1 dagger of draining
Missiles
 f - an arrow of frost
Armour
 b - a +0 animal skin (worn)
Comestibles
 c - a bread ration
 g - a slice of pizza
 h - 2 chunks of flesh


   Skills:
 + Level 3.5(2.9) Fighting
 + Level 3.5(2.9) Axes
 + Level 1.9(1.4) Armour
 + Level 2.5(1.9) Dodging


You had 3 spell levels left.
You didn't know any spells.

Dungeon Overview and Level Annotations

Branches:
Dungeon (2/15)

Altars:
Ru

Annotations:
D:2 Terence


Innate Abilities, Weirdness & Mutations

You are partially covered in icy blue scales (AC +1).
You are immune to rotting.


Message History

Terence the Incautious comes into view.
He is wielding a short sword.
Terence shouts!
Terence asks, "Do you want it fast or slow?"
Terence zaps a wand.
The magic dart hits you!
It is a wand of magic darts.
Terence zaps a wand.
The magic dart hits you!
Terence zaps a wand.
The magic dart hits you!
* * * LOW HITPOINT WARNING * * *
Use which ability? (? or * to list)
A red film seems to cover your vision as you go berserk!
You feel yourself moving faster!
You feel mighty!
You feel somewhat more hungry.
Terence zaps a wand.
The magic dart hits you!
* * * LOW HITPOINT WARNING * * *
You slash Terence!
Terence is heavily wounded.
Terence hits you with a short sword.
* * * LOW HITPOINT WARNING * * *
You hit Terence.
Terence is almost dead.
Terence hits you with a short sword.
You die...

#..........##.#... ..#
########...##.#.#####.#
#...#........#.##
#...####.###.#... #...#
#†#..<#.'# #..>#
#.#.#.#.#. #.###
#...#.#.#. #######.####
#####.#.#. #....@@....#
#.#.## #..........#
#.#.#. #..........#
#...#. #..........#
##..#. #.......?..#
#..+# #..........#
#.... #..........#
##### #######+####


You could see Terence.

Vanquished Creatures
  An orc wizard (D:2)
  An adder (D:2)
  A ball python (D:1)
  2 giant cockroaches (D:1)
  6 hobgoblins
  9 jackals
  A bat (D:1)
  2 giant newts (D:1)
  A goblin (D:1)
  2 kobolds (D:1)
  2 rats (D:1)
28 creatures vanquished.

Notes
Turn   | Place    | Note
--------------------------------------------------------------
     0 | D:1      | bal the Demonspawn Berserker began the quest for the Orb.
     0 | D:1      | Reached XP level 1. HP: 18/18 MP: 1/1
    87 | D:1      | Gained mutation: You are partially covered in icy blue scales (AC +1). [demonic ancestry]
    87 | D:1      | Reached XP level 2. HP: 18/24 MP: 2/2
   594 | D:1      | Acquired Trog's second power
   614 | D:2      | Found a sacrificial altar of Ru.
   627 | D:2      | Reached XP level 3. HP: 28/29 MP: 3/3
   739 | D:2      | Gained mutation: You are immune to rotting. [demonic ancestry]
   739 | D:2      | Reached XP level 4. HP: 18/35 MP: 4/4
   772 | D:2      | Noticed Terence
   780 | D:2      | HP: 1/52 [Terence/short sword (3)]
   781 | D:2      | Slain by Terence

Vault maps used:
D:1:      lightli_iron_boxes
D:2:      lemuel_doored_altar, nicolae_ru_great_annihilating_truth,
          uniq_terence, uniq_iyjb

Action                   |  1- 3 |  4- 6 || total
-------------------------+-------+-------++-------
Melee: Hand axe          |   100 |     2 ||   102
Invok: Berserk           |     3 |     1 ||     4
  Use: Scroll            |     4 |       ||     4
       Potion            |       |     1 ||     1
 Stab: Paralysed         |     1 |       ||     1
       Sleeping          |     1 |       ||     1
  Eat: Bread ration      |     1 |       ||     1
